 Dungeon Crawl Stone Soup version 0.21-a0-153-g78480df (webtiles) character file.

903 4thArraOfDagon the Poker (level 8, -6/60 HPs)
             Began as a Gnoll Wanderer on Aug 1, 2017.
             Was a Follower of Ru.
             Mangled by a wight
             ... wielding a cursed +4 halberd
              (9 damage)
             ... on level 6 of the Dungeon.
             The game lasted 00:14:08 (4994 turns).

4thArraOfDagon the Poker (Gnoll Wanderer)           Turns: 4994, Time: 00:14:08

Health: -6/60      AC:  6    Str:  7    XL:     8   Next: 7%
Magic:  15/15      EV: 11    Int:  7    God:    Ru [*.....]
Gold:   307        SH:  0    Dex:  7    Spells: 14/17 levels left

rFire    . . .     SeeInvis .   s - +3 trident of Incongruity {freeze, rN+ MR+ Int+2}
rCold    . . .     Gourm    .   (no shield)
rNeg     + . .     Faith    .   a - +2 leather armour
rPois    .         Spirit   .   (no helmet)
rElec    .         Reflect  .   (no cloak)
rCorr    .         Harm     .   n - +0 pair of gloves
MR       ++...                  (no boots)
Stlth    +.........             (no amulet)
HPRegen  0.20/turn              u - ring of protection from magic
MPRegen  0.14/turn              A - ring of flight

@: mighty, drained
A: unchanging attributes, fangs 1, no charms magic, no necromancy magic, no
poison magic, strong nose
a: Renounce Religion, Evoke Flight


You were on level 6 of the Dungeon.
You worshipped Ru.
Ru was aware of your devotion.
You were hungry.

You visited 2 branches of the dungeon, and saw 8 of its levels.

You collected 307 gold pieces.

Inventory:

Hand Weapons
 b - a +0 spear
 s - the +3 trident of Incongruity (weapon) {freeze, rN+ MR+ Int+2}
   (You took it off an orc wizard on level 6 of the Dungeon)

   It has been specially enchanted to freeze those struck by it, causing extra
   injury to most foes and up to half again as much damage against particularly
   susceptible opponents.
   It can also slow down cold-blooded creatures.
   It affects your intelligence (+2).
   It protects you from negative energy.
   It affects your resistance to hostile enchantments.
 v - a +4 whip
 w - a +1 hand axe of flaming
Missiles
 i - 8 javelins (quivered)
Armour
 a - a +2 leather armour (worn)
 n - a +0 pair of gloves (worn)
Jewellery
 u - a ring of protection from magic (left hand)
 x - a +2 ring of dexterity
 A - a ring of flight (right hand)
Wands
 f - a wand of flame (3/48)
 r - a wand of iceblast (0/15)
 y - a wand of flame (26/48)
Scrolls
 e - 2 scrolls of teleportation
 h - 2 scrolls of enchant weapon
 j - a scroll of immolation {unknown}
 k - 8 scrolls of remove curse
 o - 3 scrolls of enchant armour {unknown}
 p - a scroll of fear {unknown}
 q - a scroll of identify
Potions
 g - a potion of might
 l - a potion of curing
 m - a potion of heal wounds
Books
 c - the Papyrus of Confrontation

   Spells                             Type                      Level
   a - Magic Dart                     Conjuration                  1
   b - Mephitic Cloud                 Conjuration/Poison/Air       3
Comestibles
 d - 4 bread rations
 t - a royal jelly


   Skills:
 - Level 4.2(3.8) Fighting
 + Level 7.3(6.8) Polearms
 - Level 3.1(2.7) Dodging
   Level 1.3(1.0) Shields
 - Level 5.1(4.7) Spellcasting
 - Level 4.0(3.6) Conjurations
   Level 2.6(2.3) Summonings
 - Level 4.4(4.0) Air Magic
   Level 0.0 Poison Magic
 - Level 1.3(1.0) Evocations


You had 14 spell levels left.
You knew the following spells:

 Your Spells              Type           Power        Failure   Level  Hunger
a - Mephitic Cloud        Conj/Pois/Air  #.......     43%         3    ###....


Dungeon Overview and Level Annotations

Branches:
Dungeon (7/15)             Temple (1/1) D:5

Altars:
Cheibriados
Dithmenos
Fedhas
Gozag
Hepliaklqana
Kikubaaqudgha
Makhleb
Nemelex Xobeh
Okawaru
Qazlal
Ru
Sif Muna
Trog
Uskayaw
Vehumet
Wu Jian
Xom
Zin
The Shining One

Annotations:
D:4 4thArraOfDagon's ghost, weakling GnWn


Innate Abilities, Weirdness & Mutations

Your physical attributes are unchanging.
You have very sharp teeth.
You cannot study or cast Charms magic.
You cannot study or cast Necromancy magic.
You cannot study or cast Poison magic.
Your uncanny sense of smell can sniff out nearby items.


Message History

The wight hits you from afar with an enchanted halberd.
You partially resist.
You feel drained.
You closely miss the wight.
The wight is almost destroyed.
The wight hits you with an enchanted great sword.
The wight hits you from afar with an enchanted halberd!
* * * LOW HITPOINT WARNING * * *
You partially resist.
You feel drained.
* * * LOW HITPOINT WARNING * * *
You hit the wight.
You destroy the wight!
The wight barely misses you.
Unknown command.
You hit the wight.
The wight is lightly damaged.
The wight hits you with a battleaxe.
* * * LOW HITPOINT WARNING * * *
You partially resist.
You feel drained.
The wight hits you from afar with an enchanted halberd!
You die...

.... #... ......
#...# #.......
....# ##........
....# .........
....#
#.........##....#
#.....(.......#
.........#.@.#
..........#z###
..........z.#
.#..#......###
...........#
....#..##..#
......#.).##
......#.### #...#


You could see 2 wights.

Vanquished Creatures
  A sky beast (D:6)
  A centaur (D:6)
  A scorpion (D:6)
  2 wights (D:6)
  A crimson imp (D:6)
  A jelly (D:6)
  A bullfrog zombie (D:6)
  3 hounds
  An orc priest (D:7)
  4 orc wizards (D:6)
  An iguana (D:6)
  4 gnolls (D:6)
  8 adders
  An ooze (D:1)
  An adder skeleton (D:4)
  2 worms
  2 dart slugs
  2 leopard geckos
  15 orcs
  A ball python (D:1)
  7 giant cockroaches
  8 goblins
  11 hobgoblins
  8 jackals
  10 bats
  12 frilled lizards
  A jackal zombie (D:5)
  8 kobolds
  A quokka skeleton (D:4)
  8 rats
127 creatures vanquished.

Notes
Turn   | Place    | Note
-------+----------+-------------------------------------------
     0 | D:1      | 4thArraOfDagon the Gnoll Wanderer began the quest for the Orb.
     0 | D:1      | 4thArraOfDagon set off with: a +2 leather armour, a +0 spear, the Papyrus of Confrontation, a bread ration
     0 | D:1      | Reached XP level 1. HP: 17/17 MP: 2/2
     0 | D:1      | Identified the Papyrus of Confrontation
   169 | D:1      | Reached XP level 2. HP: 23/24 MP: 3/3
   487 | D:2      | Reached XP level 3. HP: 28/30 MP: 4/4
   562 | D:2      | Reached skill level 1 in Spellcasting
  1083 | D:4      | Reached XP level 4. HP: 23/37 MP: 5/7
  1092 | D:4      | Learned a level 3 spell: Mephitic Cloud
  1197 | D:4      | Noticed 4thArraOfDagon's ghost (weakling GnWn)
  1246 | D:4      | Reached skill level 1 in Poison Magic
  1491 | D:5      | Entered Level 5 of the Dungeon
  1508 | D:5      | Reached skill level 1 in Air Magic
  1536 | D:5      | Noticed a phantom
  1543 | D:5      | Found a staircase to the Ecumenical Temple.
  1549 | Temple   | Entered the Ecumenical Temple
  1637 | Temple   | Became a worshipper of Ru the Awakened
  1817 | D:2      | Found a hide-covered altar of Uskayaw.
  1876 | D:2      | Reached XP level 5. HP: 22/42 MP: 9/9
  2778 | D:2      | Found a shadowy altar of Dithmenos.
  3574 | D:3      | Gained mutation: You cannot study or cast Poison magic. [Ru sacrifice]
  3574 | D:3      | Gained mutation: You cannot study or cast Necromancy magic. [Ru sacrifice]
  3574 | D:3      | Gained mutation: You cannot study or cast Charms magic. [Ru sacrifice]
  3574 | D:3      | Reached * piety under Ru
  4357 | D:6      | Reached XP level 6. HP: 30/48 MP: 11/11
  4418 | D:6      | Reached skill level 5 in Spellcasting
  4594 | D:6      | Reached skill level 1 in Polearms
  4597 | D:6      | Reached XP level 7. HP: 40/54 MP: 14/14
  4600 | D:6      | Reached skill level 2 in Polearms
  4607 | D:6      | Reached skill level 3 in Polearms
  4661 | D:6      | Got a polished trident {freeze}
  4662 | D:6      | Identified the +3 trident of Incongruity {freeze, rN+ MR+ Int+2} (You took it off an orc wizard on level 6 of the Dungeon)
  4688 | D:6      | Reached skill level 4 in Polearms
  4773 | D:6      | Reached skill level 5 in Polearms
  4894 | D:7      | Reached skill level 6 in Polearms
  4987 | D:6      | Reached skill level 7 in Polearms
  4987 | D:6      | Reached XP level 8. HP: 25/60 MP: 15/15
  4994 | D:6      | HP: 3/60 [wight/battleaxe (6)]
  4994 | D:6      | Mangled by a wight

Vault maps used:
D:1:      dpeg_arrival_rooms_a, kennysheep_nondescript, palyth_stone_intersect,
          hangedman_abyss_or_decor_stabs, hangedman_decor_growths,
          minmay_lizard_pond
D:2:      lemuel_crystal_altar, overflow_temple_1_default, first_bread
D:4:      minmay_misc_feat_secret_circle, tgw_fedhas
D:5:      cheibrodos_barr_body, temple_green, guppyfry_shop_venom
D:6:      black_bear_nest_1, uniq_sigmund
D:7:      grunt_ogre_cave
Temple:   minmay_temple_bridge_d

Skill      XL: |  1  2  3  4  5  6  7 |
---------------+----------------------+-----
Fighting       | 3 4 |  4.2
Dodging        | 3 |  3.1
Spellcasting   | 2 3 5 |  5.1
Poison Magic   | 1 0 |  0.0
Air Magic      | 1 3 4 |  4.4
Polearms       | 1 7 |  7.3
Shields        | |  1.3
Conjurations   | |  4.0
Summonings     | |  2.6
Evocations     | |  1.3

Action                   |  1- 3 |  4- 6 |  7- 9 || total
-------------------------+-------+-------+-------++-------
Melee: Spear             |   175 |   359 |       ||   534
       Bite              |     4 |    19 |     2 ||    25
       Whip              |       |   152 |       ||   152
       Hand axe          |       |     4 |    16 ||    20
       Trident           |       |       |    48 ||    48
Throw: Javelin           |     2 |       |       ||     2
 Cast: Mephitic Cloud    |       |     2 |       ||     2
Invok: Sacrifice Arcana  |       |     1 |       ||     1
Evoke: Wand              |       |     9 |    12 ||    21
  Use: Scroll            |     5 |     4 |       ||     9
       Potion            |     2 |     1 |     3 ||     6
  Eat: Fruit             |       |     4 |       ||     4
       Royal jelly       |       |     1 |       ||     1
       Chunk             |       |     8 |     1 ||     9
Armor: Leather armour    |    55 |   215 |    20 ||   290
       Skin              |     6 |       |    16 ||    22
Dodge: Dodged            |    99 |   330 |    29 ||   458
